 Dungeon Crawl Stone Soup version 0.27-a0-631-g2d681adce0 (webtiles) character file.

Game seed: 11398342368273733619

47149 wakim the Blocker (level 14, 0/84 HPs)
             Began as a Gargoyle Venom Mage on Mar 13, 2021.
             Was a High Priest of Makhleb.
             Slain by a tentacled starspawn (14 damage)
             ... on level 4 of the Abyss.
             The game lasted 01:16:27 (16543 turns).

wakim the Blocker (Gargoyle Venom Mage)            Turns: 16543, Time: 01:16:27

Health: 0/84       AC: 22    Str: 14    XL:     14   Next: 40%
Magic:  25/25      EV: 13    Int: 27    God:    Makhleb [*****.]
Gold:   1648       SH: 11    Dex:  8    Spells: 12/21 levels left

rFire    + . .     SeeInvis .   b - +2 morningstar (venom)
rCold    + . .     Faith    .   d - +0 kite shield
rNeg     + . .     Spirit   .   o - +2 robe {Archmagi}
rPois    ∞         Reflect  .   F - +0 hat {Int+3}
rElec    +         Harm     .   C - +2 cloak {Will+}
rCorr    .         Rampage  .   s - +0 pair of gloves of Light {rElec rF+ Regen+}
Will     ++...                  c - +2 pair of boots
Stlth    +++.......             w - amulet of regeneration
HPRegen  2.24/turn              r - ring of protection from cold
MPRegen  0.19/turn              j - ring "Haegeloduu" {rPois MP+9 Str+6 Int+3 Dex-2}

@: about to teleport
A: AC +10, big wings, negative energy resistance 1, electricity resistance,
torment resistance 1, unbreathing 1, petrification resistance, [low mp 2],
[screaming 2], [weak 2]
a: Fly, Renounce Religion, Minor Destruction, Lesser Servant of Makhleb, Major
Destruction, Greater Servant of Makhleb


You were on level 4 of the Abyss.
You worshipped Makhleb.
Makhleb was extremely pleased with you.
You visited 3 branches of the dungeon, and saw 14 of its levels.
You visited the Abyss 1 time.
You also visited: Bailey.

You collected 2227 gold pieces.
You spent 579 gold pieces at shops.

Inventory:

Hand Weapons
 b - a +2 morningstar of venom (weapon)
Missiles
 u - 78 boomerangs
 v - a throwing net
 x - 8 atropa-tipped darts
 z - 63 poisoned darts
 A - 7 javelins
Armour
 c - a +2 pair of boots (worn)
 d - a +0 kite shield (worn)
 o - a +2 robe of the Archmagi (worn)
 s - the +0 pair of gloves of Light (worn) {rElec rF+ Regen+}
   (You bought it in a shop on level 7 of the Dungeon)

   It protects you from fire.
   It insulates you from electricity.
   It increases your rate of regeneration.
 C - a +2 cloak of willpower (worn)
 F - a +0 hat of intelligence (worn)
Magical Staves
 a - a staff of poison
 e - a staff of cold
Jewellery
 f - a ring of ice
 g - a ring of resist corrosion
 j - the ring "Haegeloduu" (left hand) {rPois MP+9 Str+6 Int+3 Dex-2}
   (You found it on level 1 of the Elven Halls)

   [ring of strength]

   It affects your strength (+6).
   It affects your intelligence (+3).
   It affects your dexterity (-2).
   It protects you from poison.
   It affects your magic capacity (+9).
 n - a ring of flight
 r - a ring of protection from cold (right hand)
 w - an amulet of regeneration (around neck)
 y - a ring of fire
Wands
 h - a wand of acid (6)
 i - a wand of iceblast (18)
 p - a wand of paralysis (9)
 q - a wand of flame (12)
Scrolls
 k - 3 scrolls of amnesia
 l - 2 scrolls of enchant weapon
 m - 2 scrolls of enchant armour
 t - a scroll of acquirement
 D - a scroll of blinking
 E - a scroll of fear
 Y - 13 scrolls of teleportation {@r3}
 Z - a scroll of identify {@r1}
Potions
 B - 2 potions of brilliance
 J - 4 potions of curing {@q1}
 L - 3 potions of flight
 M - 2 potions of might
 N - 12 potions of heal wounds {@q2}
 P - 2 potions of lignification
 R - a potion of resistance
 T - 2 potions of berserk rage


   Skills:
 - Level 8.0 Fighting
 + Level 7.8 Staves
 - Level 5.0 Armour
 - Level 8.0 Dodging
 - Level 6.0 Stealth
 * Level 11.8 Shields
 - Level 4.0 Spellcasting
 - Level 5.0 Transmutations
 - Level 5.0 Fire Magic
 - Level 10.0 Poison Magic
 - Level 7.0 Invocations
 + Level 6.9 Evocations


You had 12 spell levels left.
You knew the following spells:

 Your Spells              Type           Power      Damage    Failure   Level
g - Ignite Poison         Fire/Tmut/Pois 58%        N/A       2%          3
s - Poisonous Vapours     Pois/Air       96%        N/A       2%          2
w - Olgreb's Toxic Radia  Pois           73%        N/A       1%          4

Your spell library contained the following spells:

 Spells                   Type           Power      Damage    Failure   Level
 Sting                    Tmut/Pois      100%       1d8       1%          1
 Mephitic Cloud           Conj/Pois/Air  35%        N/A       9%          3
 Corona                   Hex            8%         N/A       12%         1
 Magic Dart               Conj           32%        1d4       12%         1
 Conjure Flame            Conj/Fire      28%        6-21      12%         3
 Blink                    Tloc           N/A        N/A       17%         2
 Call Imp                 Summ           8%         N/A       17%         2
 Ensorcelled Hibernation  Hex/Ice        16%        N/A       17%         2
 Slow                     Hex            8%         N/A       17%         2
 Confusing Touch          Hex            8%         N/A       34%         3
 Dazzling Flash           Conj/Hex       16%        N/A       34%         3
 Tukima's Dance           Hex            8%         N/A       34%         3


Dungeon Overview and Level Annotations

Branches:
Dungeon (11/15)            Temple (0/1) D:7            Lair (0/6) D:11
    Orc (2/2) D:11            Elf (1/3) Orc:2        Bailey (visited)

Altars:
Dithmenos
Elyvilon
Fedhas
Gozag
Hepliaklqana
Kikubaaqudgha
Makhleb
Qazlal
Ru
Trog
Uskayaw
Vehumet
Xom

Shops:
D:5 [=:   D:7 [   Orc:2 *[[(*

Annotations:
D:8 dragon, exclusion: 4 doors


Innate Abilities, Weirdness & Mutations

Your stone body is resilient. (AC +10)
You are immune to poison.
Your large and strong wings let you fly indefinitely.
You resist negative energy. (rN+)
You are resistant to electric shocks. (rElec)
You are resistant to unholy torment.
You can survive without breathing.
You are immune to petrification.
[Your magical capacity is very low. (-20% MP)]
[You sometimes yell uncontrollably at your foes.]
[You are very weak. (Str -4)]


Message History

There are monsters nearby!
The rakshasa hits you with a +0 whip!
You hit the rakshasa but do no damage.
The rakshasa is lightly wounded.
The rakshasa gestures at you.
A large abomination comes into view.
A chaos spawn comes into view.
The chaos spawn roars deafeningly!
You hit the small abomination.
The small abomination is lightly damaged.
You hit the small abomination.
The small abomination is moderately damaged.
The large abomination hits you! The large abomination hits you.
As you read the scroll of teleportation {@r3}, it crumbles to dust.
You feel strangely unstable.
You feel the power of the Abyss delaying your translocation!
The small abomination hits you.
You closely miss the small abomination.
The small abomination is moderately damaged.
The small abomination hits you!
You hit the small abomination.
The small abomination is heavily damaged.
The large abomination hits you! The small abomination hits you!
The large abomination hits you!
* * * LOW HITPOINT WARNING * * *
You hit the small abomination.
The small abomination is heavily damaged.
The rakshasa weaves an illusion.
You closely miss the small abomination.
The small abomination is heavily damaged.
You hit the small abomination.
The small abomination is severely damaged.
The tentacled starspawn engulfs you.
* * * LOW HITPOINT WARNING * * *
The large abomination hits you!!
* * * LOW HITPOINT WARNING * * *
You sock the tentacled starspawn!
The tentacled starspawn is lightly damaged.
The tentacled starspawn bites you!
You die...

.. ## .# # .#
.# .# ###.#
### #.###
....#
.###...#
#...#####..#
# #..
..#.....#
#.#X..## .##
#XXR## #X#
#@#....#
#x###..#.#..#
.4# #### ..#
.... . . #
#..#. ## #.
.. #. . . .
.# ## ..


You could see a tentacled starspawn, a rakshasa, 2 large abominations, a chaos
spawn and a small abomination.

Vanquished Creatures
  2 orc warlords
  Snorg (D:10)
  Fannar (D:10)
  A death knight (D:10)
  A centaur warrior (D:11)
  4 ogre magi (Orc:2)
  A dancing weapon (Elf:1)
  22 two-headed ogres
  Urug (Orc:2)
  A deep elf knight (Elf:1)
  An unseen horror (D:10)
  A wolf spider (D:8)
  A deep elf archer (Elf:1)
  An orc knight (Bailey)
  5 deep elf zephyrmancers (Elf:1)
  7 deep elf pyromancers (Elf:1)
  A manticore (D:11)
  A gargoyle (D:10)
  A kobold demonologist (D:10)
  3 trolls
  A small abomination (Abyss:3)
  An air elemental (Elf:1)
  2 fire elementals (Elf:1)
  A yak (D:11)
  A golden eye (shapeshifter) (Elf:1)
  Grum (D:11)
  3 wargs
  Edmund (D:4)
  A soldier ant (D:10)
  Duvessa (D:4)
  2 water moccasins
  5 sky beasts
  3 ice beasts
  13 orc warriors
  A black bear (D:8)
  2 wolves (D:11)
  9 centaurs (D:11)
  29 ogres
  3 phantoms
  3 kobold brigands
  Dowan (D:4)
  8 bullfrogs
  An earth elemental (Elf:1)
  6 scorpions
  A wyvern skeleton (D:6)
  13 wights
  A crimson imp (D:6)
  A howler monkey (D:5)
  2 centaur zombies
  8 orc priests
  2 hounds
  2 jellies
  A quasit (D:7)
  3 iguanas
  15 orc wizards
  A statue (D:7)
  7 worker ants
  2 hound zombies
  A hound skeleton (D:7)
  7 gnolls
  13 adders
  2 shadow imps
  4 white imps
  5 ufetubi
  An ooze (D:1)
  An adder skeleton (D:8)
  An adder zombie (D:6)
  6 worms
  2 dart slugs
  9 leopard geckos
  60 orcs
  4 ball pythons
  6 giant cockroaches
  18 goblins
  11 hobgoblins
  10 jackals
  30 kobolds
  A quokka (D:6)
  A ball python zombie (D:5)
  7 bats
  4 frilled lizards
  A jackal zombie (D:6)
  A leopard gecko skeleton (D:5)
  6 rats
427 creatures vanquished.

Vanquished Creatures (others)
  10 fungi
  20 plants
  A starspawn tentacle (Abyss:3)
31 creatures vanquished.

Grand Total: 458 creatures vanquished

Notes
Turn   | Place    | Note
-------+----------+-------------------------------------------
     0 | D:1      | wakim the Gargoyle Venom Mage began the quest for the Orb.
     0 | D:1      | Reached XP level 1. HP: 10/10 MP: 3/3
     8 | D:1      | Noticed an anaconda
     8 | D:1      | Noticed a rime drake
     8 | D:1      | Noticed a swamp worm
     8 | D:1      | Noticed a polar bear
   298 | D:1      | Reached skill level 1 in Transmutations
   298 | D:1      | Reached XP level 2. HP: 15/15 MP: 3/5
   397 | D:1      | Learned a level 2 spell: Poisonous Vapours
   732 | D:1      | Reached XP level 3. HP: 17/19 MP: 3/6
  1093 | D:2      | Found a hazy altar of Hepliaklqana.
  1093 | D:2      | Found a bloodstained altar of Trog.
  1750 | D:2      | Reached XP level 4. HP: 24/24 MP: 7/7
  1755 | D:2      | Learned a level 4 spell: Olgreb's Toxic Radiance
  2762 | D:3      | Reached XP level 5. HP: 26/28 MP: 0/9
  3439 | D:3      | Reached skill level 5 in Poison Magic
  3542 | D:3      | Learned a level 3 spell: Ignite Poison
  3814 | D:4      | Noticed Edmund
  3881 | D:4      | Killed Edmund
  3882 | D:4      | Reached skill level 1 in Fire Magic
  3882 | D:4      | Reached XP level 6. HP: 27/32 MP: 0/10
  4017 | D:4      | Found a sacrificial altar of Ru.
  4112 | D:4      | Became a worshipper of Ru the Awakened
  4452 | D:4      | Noticed Dowan
  4453 | D:4      | Noticed Duvessa
  4457 | D:4      | Killed Duvessa
  4458 | D:4      | Reached XP level 7. HP: 36/36 MP: 3/11
  4460 | D:4      | Killed Dowan
  4631 | D:5      | Entered Level 5 of the Dungeon
  4631 | D:5      | Found a hazy altar of Hepliaklqana.
  4724 | D:4      | Reached skill level 1 in Fighting
  4854 | D:5      | Found a sacrificial altar of Ru.
  5082 | D:5      | Found Urac Evi's Jewellery Boutique.
  5222 | D:5      | Found a hide-covered altar of Uskayaw.
  5231 | D:5      | Reached XP level 8. HP: 36/45 MP: 8/12
  5318 | D:5      | Found an ancient bone altar of Kikubaaqudgha.
  5423 | D:5      | Found Ystrioja's Book Shoppe.
  5708 | D:5      | Found an opulent altar of Gozag.
  5769 | D:5      | Found Emmaumua's Antique Armour Emporium.
  6141 | D:6      | Identified a scroll of acquirement
  6141 | D:6      | Acquired a staff of poison
  6167 | D:6      | Acquired 1009 gold pieces
  6812 | D:6      | Reached skill level 1 in Staves
  6979 | D:6      | Found a shimmering altar of Xom.
  6979 | D:6      | Found a burning altar of Makhleb.
  7257 | D:7      | Found a shadowy altar of Dithmenos.
  7489 | D:6      | Fell from the grace of Ru
  7489 | D:6      | Became a worshipper of Makhleb the Destroyer
  7522 | D:7      | Noticed a two-headed ogre
  7525 | D:7      | Killed a two-headed ogre
  7526 | D:7      | Reached skill level 5 in Fighting
  7526 | D:7      | Reached XP level 9. HP: 54/54 MP: 3/13
  7710 | D:7      | Found a radiant altar of Vehumet.
  7986 | D:7      | Found Nobrithru's Antique Armour Boutique.
  8003 | D:7      | Bought a pair of ichor-stained gloves for 275 gold pieces
  8003 | D:7      | Identified the +0 pair of gloves of Light {rElec rF+
                  | Regen+} (You bought it in a shop on level 7 of the Dungeon)
  8124 | D:7      | Reached skill level 5 in Fire Magic
  8408 | D:7      | Found a staircase to the Ecumenical Temple.
  8441 | D:7      | You fall into a shaft and drop 3 floors!
  8441 | D:10     | Entered Level 10 of the Dungeon
  8447 | D:10     | Reached * piety under Makhleb
  8475 | D:10     | Reached skill level 5 in Stealth
  8771 | D:8      | Found a flagged portal.
  8811 | Bailey   | Entered a bailey
  8827 | Bailey   | Noticed an orc warlord
  8984 | Bailey   | Found a runed translucent gate.
  8986 | Bailey   | Found a runed translucent gate.
  8988 | Bailey   | Found a runed translucent gate.
  8995 | Bailey   | Noticed an orc knight
  8998 | Bailey   | Killed an orc knight
  8999 | Bailey   | Reached skill level 1 in Shields
  8999 | Bailey   | Reached skill level 1 in Evocations
  8999 | Bailey   | Reached XP level 10. HP: 59/59 MP: 6/14
  9233 | Bailey   | Killed an orc warlord
  9234 | Bailey   | Reached skill level 2 in Shields
  9459 | D:8      | Reached skill level 5 in Armour
  9459 | D:8      | Reached skill level 5 in Dodging
  9459 | D:8      | Reached skill level 7 in Shields
  9459 | D:8      | Reached XP level 11. HP: 64/64 MP: 16/16
  9475 | D:8      | Reached ** piety under Makhleb
  9487 | D:8      | Reached skill level 5 in Transmutations
  9729 | D:8      | Noticed a wolf spider
  9730 | D:8      | Found the +7 great mace "Firestarter" {inner flame, rF++}
  9731 | D:8      | Noticed a fire dragon
  9742 | D:8      | Killed a wolf spider
  9831 | D:8      | Reached skill level 8 in Shields
 10059 | D:8      | Noticed a two-headed ogre
 10070 | D:8      | Killed a two-headed ogre
 10539 | D:9      | Found a white marble altar of Elyvilon.
 10579 | D:9      | Noticed a two-headed ogre
 10592 | D:9      | Killed a two-headed ogre
 10669 | D:9      | Found a blossoming altar of Fedhas.
 11118 | D:10     | Killed an unseen horror
 11119 | D:10     | Reached XP level 12. HP: 71/71 MP: 10/18
 11313 | D:10     | Reached skill level 1 in Invocations
 11371 | D:10     | Noticed Fannar
 11376 | D:10     | Killed Fannar
 11376 | D:10     | Reached *** piety under Makhleb
 11621 | D:10     | Noticed Snorg
 11635 | D:10     | Killed Snorg
 11789 | D:10     | Noticed a death knight
 11811 | D:10     | Killed a death knight
 12076 | D:10     | Noticed a two-headed ogre
 12080 | D:10     | Killed a two-headed ogre
 12341 | D:11     | Noticed a centaur warrior
 12346 | D:11     | Killed a centaur warrior
 12347 | D:11     | Reached skill level 5 in Staves
 12523 | D:11     | Noticed Grum
 12526 | D:11     | Killed Grum
 12537 | D:11     | Found a staircase to the Lair.
 12560 | D:11     | Found a stormy altar of Qazlal.
 12633 | D:11     | Found a staircase to the Orcish Mines.
 12668 | D:11     | Noticed a two-headed ogre
 12673 | D:11     | Killed a two-headed ogre
 13009 | D:11     | Reached **** piety under Makhleb
 13411 | Orc:1    | Entered Level 1 of the Orcish Mines
 13411 | Orc:1    | Noticed an orc warlord
 13419 | Orc:1    | Killed an orc warlord
 13420 | Orc:1    | Reached XP level 13. HP: 78/78 MP: 1/19
 13664 | Orc:2    | Entered Level 2 of the Orcish Mines
 13675 | Orc:2    | Noticed Urug
 13691 | Orc:2    | Killed Urug
 13935 | Orc:2    | Found a staircase to the Elven Halls.
 13952 | Orc:2    | Found Lyrch's General Store.
 13974 | Orc:2    | Reached skill level 9 in Shields
 13987 | Orc:2    | Reached skill level 5 in Evocations
 14509 | Orc:2    | Reached skill level 10 in Poison Magic
 14510 | Orc:2    | Reached skill level 5 in Invocations
 14515 | Orc:2    | Reached skill level 10 in Shields
 14650 | Orc:2    | Reached ***** piety under Makhleb
 14767 | Orc:2    | Reached skill level 11 in Shields
 14767 | Orc:2    | Gained mutation: Your large and strong wings let you fly
                  | indefinitely. [Gargoyle growth]
 14767 | Orc:2    | Reached XP level 14. HP: 84/84 MP: 12/20
 14909 | Orc:2    | Found Qefrakha's Antique Weapon Shop.
 14909 | Orc:2    | Found Mirho's Antique Armour Emporium.
 14910 | Orc:2    | Found Deis's Armour Emporium.
 14910 | Orc:2    | Found Futhrely's General Store.
 14921 | Orc:2    | Bought an embroidered hat for 189 gold pieces
 14933 | Orc:2    | Bought a +0 cloak of willpower for 115 gold pieces
 15196 | Elf:1    | Entered Level 1 of the Elven Halls
 15259 | Elf:1    | Identified the ring "Haegeloduu" {rPois MP+9 Str+6 Int+3
                  | Dex-2}
 15810 | Elf:1    | Found a shimmering altar of Xom.
 16237 | Elf:1    | Cast into level 3 of the Abyss (+8 flail of distortion)
 16280 | Abyss:3  | Noticed a starcursed mass
 16413 | Abyss:3  | Noticed a tentacled starspawn
 16413 | Abyss:3  | Noticed a green very ugly thing
 16413 | Abyss:3  | Noticed a green very ugly thing
 16416 | Abyss:3  | Noticed a green very ugly thing
 16416 | Abyss:3  | Noticed a green very ugly thing
 16484 | Abyss:4  | Noticed a tentacled starspawn
 16543 | Abyss:4  | Slain by a tentacled starspawn

Illustrated notes

Levels and vault maps discovered:
D:1:      onia_arrival_zoo_common, layout_basic, item_on_display_a
D:2:      layout_basic, gammafunk_temple_overflow_wave
D:3:      layout_loops_cross, grunt_ministairs_15, minmay_shallow_snake_nest
D:4:      layout_loops_ring, nicolae_ru_great_annihilating_truth, uniq_duvessa,
          uniq_edmund
D:5:      layout_cave_pods, nicolae_uskayaw_dance_studio,
          nicolae_gozag_cash_rules_everything_around_me,
          nicolae_kikubaaqudgha_miasma_corner, general_overflow_altar,
          nicolae_overflow_hidden_temple, serial_shops, shop_statue,
          nicolae_shop_trees, nicolae_shop_overgrown_old_shop, basic_altar
D:6:      layout_loops_ring, grunt_temple_overflow_champion_of_chaos,
          chequers_serial_rivers_small_a, minmay_crystal_room
D:7:      layout_loops_corners, vehumet_statue,
          grunt_dithmenos_smoke_and_mirrors, lemuel_temple_firewalk_b,
          serial_shops, shop
D:8:      minmay_the_grid_four_pointed_star
          [minmay_the_grid_triangle_9x9_dagger,
          minmay_the_grid_triangle_9x9_sprig,
          minmay_the_grid_triangle_9x9_from_above,
          minmay_the_grid_triangle_9x9_negative_grid,
          minmay_the_grid_prize_diamond_cup], layout_basic, enter_bailey_6
D:9:      layout_loops_cross, old_standard_altar, elyvilon_altar_1,
          minmay_starry_boxes
D:10:     layout_loops_cross, wad_mini_maze, uniq_snorg, uniq_fannar
D:11:     layout_roguey, grunt_lair_entry_orc_guard_hut, erik_orc_3,
          nicolae_qazlal_style_of_elements, uniq_grum
Orc:1:    layout_diamond_mine
Orc:2:    st_orc_ogre_mass, layout_diamond_mine, serial_shops, shop, uniq_urug
Elf:1:    eino_elf_arrival_the_gate, layout_geoelf_diagonals, serial_shops,
          nicolae_shop_stone, basic_altar, minivault_28, grunt_megastairs_1
Abyss:4:  base: D:7, grunt_abyss_rune_wretched_hive, due_exit_kobolds

Skill      XL: |  1  2  3  4  5  6  7  8  9 10 11 12 13 14 |
---------------+-------------------------------------------+-----
Transmutations | 1 2 3 4 5 |  5.0
Poison Magic   | 4 5 6 7 8 9 10 | 10.0
Spellcasting   | 3 4 |  4.0
Fire Magic     | 1 3 4 5 |  5.0
Fighting       | 2 5 6 7 8 |  8.0
Dodging        | 2 3 4 5 6 7 8 |  8.0
Stealth        | 4 6 |  6.0
Staves         | 1 2 3 4 5 7 |  7.8
Shields        | 1 7 8 11 | 11.8
Evocations     | 1 3 4 6 |  6.9
Armour         | 5 |  5.0
Invocations    | 3 6 7 |  7.0

Action                   |  1- 3 |  4- 6 |  7- 9 | 10-12 | 13-15 || total
-------------------------+-------+-------+-------+-------+-------++-------
Melee: Dagger            |    86 |    66 |       |       |       ||   152
       Unarmed           |     2 |       |       |       |       ||     2
       Flail             |       |     2 |   286 |   102 |       ||   390
       Staff             |       |       |    18 |   119 |    81 ||   218
       Morningstar       |       |       |       |   158 |   146 ||   304
Throw: Boomerang         |       |       |    12 |    12 |       ||    24
 Cast: Sting             |     7 |       |       |       |       ||     7
       Poisonous Vapours |    19 |    37 |    11 |     7 |     2 ||    76
       Ignite Poison     |       |     3 |    16 |    33 |    23 ||    75
       Olgreb's Toxic Ra |       |     3 |    15 |    34 |    24 ||    76
 Abil: Evoke Flight      |       |       |     1 |     1 |       ||     2
  Use: Scroll            |     2 |     7 |     8 |     8 |     5 ||    30
       Potion            |       |       |       |     2 |       ||     2
 Stab: Sleeping          |     2 |     6 |     8 |    13 |     8 ||    37
       Paralysed         |       |     1 |       |       |       ||     1
Armor: Robe              |    38 |    24 |   203 |   217 |   117 ||   599
Dodge: Dodged            |    63 |    47 |   222 |   261 |   136 ||   729
Block: Kite shield       |       |       |       |   282 |   167 ||   449

Table legend: (Time is in decaauts)
 A = Elapsed time spent in this place.
 B = Non-inter-level travel time spent in this place.
 C = Inter-level travel time spent in this place.
 D = Time resting spent in this place.
 E = Time spent auto-exploring this place.
 F = Levels seen in this place.
 G = Mean time per level.
                   A        B        C        D        E       F      G
               +--------+--------+--------+--------+--------+-----+--------+
         Total |  16843 |  16369 |    474 |     64 |  12314 |  17 |  990.8 |
       Dungeon |  13091 |  12697 |    394 |     64 |   9804 |  11 | 1190.1 |
  Orcish Mines |   1791 |   1711 |     80 |      0 |   1273 |   2 |  895.5 |
   Elven Halls |   1068 |   1068 |      0 |      0 |    821 |   1 | 1068.0 |
         Abyss |    320 |    320 |      0 |      0 |    116 |   2 |  160.0 |
        Bailey |    572 |    572 |      0 |      0 |    299 |   1 |  572.0 |
               +--------+--------+--------+--------+--------+-----+--------+

Top non-repeatable levels by time:
    D:10: 1503 daAuts
     D:2: 1369 daAuts
     D:6: 1301 daAuts
     D:7: 1253 daAuts
     D:5: 1227 daAuts
     D:3: 1205 daAuts
     D:4: 1165 daAuts
    D:11: 1151 daAuts
   Orc:2: 1111 daAuts
     D:8: 1095 daAuts
   Elf:1: 1068 daAuts
     D:1: 996 daAuts
     D:9: 820 daAuts
   Orc:1: 680 daAuts
  Bailey: 572 daAuts
